 Dungeon Crawl Stone Soup version 0.14-a0-1844-g8283a67 (webtiles) character file.

5804 M4edhros the Jinx (level 10, -1/58 HPs)
             Began as an Octopode Arcane Marksman on Jan 12, 2014.
             Was a Believer of Okawaru (penitent).
             Shot with a bolt by a big kobold (3 damage)
             ... on Level 8 of the Dungeon.
             The game lasted 00:48:03 (12524 turns).

M4edhros the Jinx (Octopode Arcane Marksman)       Turns: 12524, Time: 00:48:04

HP  -1/58        AC  2     Str  9      XL: 10   Next: 67%
MP  24/24        EV 21     Int 19      God: *Okawaru
Gold 392         SH  0     Dex 16      Spells:  7 memorised,  1 level left

rFire  x . .     SeeInvis .     b - +4 sling
rCold  + + .     Clarity  .     (no shield)
rNeg   + . .     Conserve +     (helmet restricted)
rPois  .         rCorr    .     F - amulet of conservation
rElec  .         rRot     .     v - cursed +1 ring of protection
SustAb . .       Spirit   .     x - ring of ice
rMut   .         Warding  .     r - ring of protection from cold
Saprov . . .     Stasis   .     I - ring of positive energy
                                (no ring)
                                (no ring)
                                (no ring)
                                (no ring)

@: agile, mildly poisoned, somewhat resistant to hostile enchantments, quite
stealthy
A: almost no armour, amphibious, 8 rings, constrict 8, antennae 1, camouflage 1,
slow healing 1, weak 1, gelatinous body 1
a: Renounce Religion


You were on level 8 of the Dungeon.
You worshipped Okawaru.
Okawaru was demanding penance.
You were hungry.

You visited 2 branches of the dungeon, and saw 10 of its levels.
You also visited: Ossuary.

You collected 437 gold pieces.
You spent 45 gold pieces at shops.

Inventory:

Hand weapons
 b - a +4,+4 sling (weapon)
 A - a +2,+1 quarterstaff of protection
 G - a +0 blowgun
 J - a +0,+0 bastard sword
Missiles
 c - 94 sling bullets
 n - 132 stones (quivered)
 H - 8 curare-tipped needles
Magical devices
 h - a wand of teleportation (6)
 q - a wand of slowing (7)
 K - a wand of draining (7) {unknown}
Comestibles
 f - a bread ration
 j - a pear
 l - 8 meat rations
 o - 13 grapes
Scrolls
 a - 3 scrolls of identify
 e - a scroll of fog
 g - a scroll of remove curse
 i - a scroll of magic mapping
 p - a scroll of amnesia
 y - 2 scrolls of teleportation
 z - a scroll of enchant weapon I
 B - 3 scrolls of enchant armour
 D - a scroll of immolation
Jewellery
 r - a ring of protection from cold (on tentacle)
 v - a cursed +1 ring of protection (left tentacle)
 x - a ring of ice (right tentacle)
 F - an amulet of conservation (around mantle)
 I - a ring of positive energy (on tentacle)
Potions
 w - a potion of speed
Books
 d - a book of Debilitation

   Spells                             Type                      Level
   *Corona                            Hexes                        1
   *Slow                              Hexes                        2
   *Inner Flame                       Hexes/Fire                   3
   *Enslavement                       Hexes                        4
   *Cause Fear                        Hexes                        4
   *Leda's Liquefaction               Hexes/Earth                  4
 u - a book of Death

   Spells                             Type                      Level
   *Corpse Rot                        Necromancy                   2
   Sublimation of Blood               Necromancy                   2
   Agony                              Necromancy                   5
   Dispel Undead                      Necromancy                   5
   Excruciating Wounds                Charms/Necromancy            5
   Bolt of Draining                   Conjuration/Necromancy       5


   Skills:
 - Level 1.0 Fighting
 + Level 6.8 Slings
 + Level 6.7 Dodging
 + Level 6.1 Spellcasting
 * Level 9.4 Hexes
 + Level 5.7 Earth Magic


You had one spell level left.
You knew the following spells:

 Your Spells              Type           Power        Failure   Level  Hunger
a - Corona                Hex            #####..      1%          1    None
b - Inner Flame           Hex/Fire       ##......     6%          3    ##.....
c - Enslavement           Hex            #####...     2%          4    ####...
d - Leda's Liquefaction   Hex/Erth       ####......   6%          4    ####...
e - Corpse Rot            Necr           N/A          17%         2    None
f - Slow                  Hex            #####...     1%          2    None
g - Cause Fear            Hex            #####.....   2%          4    ####...


Dungeon Overview and Level Annotations

Branches:
Dungeon (9/16)             Temple (1/1) D:7
    Orc: D:9-12        Lair: D:8-11

Altars:
Ashenzari
Cheibriados
Elyvilon
Fedhas
Kikubaaqudgha
Makhleb
Nemelex Xobeh
Okawaru
Sif Muna
Trog
Vehumet
Zin
the Shining One

Shops:
D:5 *


Innate Abilities, Weirdness & Mutations

You cannot wear most types of armour.
You are amphibious.
You can wear up to eight rings at the same time.
You can use your tentacles to constrict many enemies at once.
Your skin changes colour to match your surroundings (Stlth).
Your rubbery body absorbs attacks (AC +1).
You have a pair of small antennae on your head.
You heal slowly when monsters are visible.
You are weak. (Str -2)


Message History

You see here a rat corpse.
You feel sick.
You start butchering the rat corpse.
You continue butchering the corpse.
You stop butchering the corpse.
You start butchering the rat corpse.
You continue butchering the corpse.
You stop butchering the corpse.
You feel sick.
The big kobold unwields an uncursed dwarven dagger of venom.
It stops dripping with poison.
The big kobold wields an uncursed dwarven crossbow.
The big kobold shoots a bolt.
The bolt hits you!
You finish butchering the rat corpse.
Things that are here:
a rat skeleton; a chunk of rat flesh The big kobold shoots a bolt.
The bolt hits you!
* * * LOW HITPOINT WARNING * * *
Drink which item? (? for menu, Esc to quit)
You feel agile all of a sudden.
* * * LOW HITPOINT WARNING * * *
You feel sick.
The big kobold shoots a bolt.
The bolt hits you!
You die...

###### #.######...# ###.# .....#
#.........<# #.# .....#
#######'#### ##.# .....# #.# #..#
.....# #(# ###'## .....# #.#
#....# .....# #(# #....#
###############(#########....#
................@...(..K'....#
#.#############.#########....####
#.# #.# #......#. #.# #.#
#......'. #.# #.# #......## #.#
#.# ####.### #.# #.## #####..###
..# ###..#######........# ###
####...................#


You could see a big kobold.

Vanquished Creatures
  Joseph (D:7)
  Grinder (D:4)
  A troll (D:8)
  A two-headed ogre (D:8)
  A steam dragon (D:7)
  7 centaurs
  An orc warrior (D:5)
  3 ogres
  2 ice beasts (D:8)
  A yellow wasp (D:6)
  7 giant frogs
  Sigmund (D:2)
  Duvessa (D:5)
  An elf zombie (Ossuary)
  12 big kobolds (D:8)
  Blork the orc (D:6)
  A killer bee (D:6)
  5 wights (D:8)
  A hippogriff zombie (D:6)
  9 crimson imps
  2 jellies
  2 goliath beetles
  4 hounds (D:7)
  6 orc wizards
  Crazy Yiuf (D:5)
  A human zombie (Ossuary)
  2 iguanas
  5 scorpions
  4 worker ants
  A killer bee zombie (D:8)
  An ogre zombie (D:6)
  A big kobold zombie (Ossuary)
  An ogre skeleton (D:4)
  3 mummies (Ossuary)
  6 adders
  5 worms
  A giant mite (D:2)
  An inept feature mimic (D:8)
  A giant centipede zombie (D:7)
  5 adder zombies
  2 iguana skeletons
  A giant eyeball (D:8)
  6 giant geckos
  An ooze (D:1)
  28 orcs
  15 bats
  A bat skeleton (D:7)
  7 giant cockroaches
  15 goblins
  7 hobgoblins
  16 jackals
  29 kobolds
  4 quokkas
  A ball python skeleton (D:4)
  7 giant newts
  2 gnoll zombies (Ossuary)
  A goblin zombie (D:6)
  A hobgoblin zombie (Ossuary)
  A kobold skeleton (D:6)
  A kobold zombie (D:6)
  2 orc skeletons
  20 rats
  5 rat zombies
284 creatures vanquished.

Vanquished Creatures (collateral kills)
  An ice beast (D:6)
  A centaur (D:5)
  Dowan (D:5)
  A crimson imp (D:5)
  A hound (D:5)
  A mummy (Ossuary)
  An orc (D:6)
  A jackal (D:8)
  A hobgoblin zombie (Ossuary)
  A jackal zombie (Ossuary)
  A rat (D:6)
  A rat zombie (Ossuary)
12 creatures vanquished.

Grand Total: 296 creatures vanquished

Notes
Turn   | Place    | Note
--------------------------------------------------------------
     0 | D:1      | M4edhros, the Octopode Arcane Marksman, began the quest for the Orb.
     0 | D:1      | Reached XP level 1. HP: 13/13 MP: 2/2
    79 | D:1      | Reached XP level 2. HP: 18/18 MP: 3/3
   442 | D:1      | Reached XP level 3. HP: 20/23 MP: 4/4
  1121 | D:2      | Noticed Sigmund
  1433 | D:2      | Found a sparkling altar of Nemelex Xobeh.
  1884 | D:3      | Reached XP level 4. HP: 28/28 MP: 6/6
  2201 | D:3      | Gained mutation: You are weak. (Str -2) [potion of mutation]
  2201 | D:3      | Gained mutation: You have a pair of small antennae on your head. [potion of mutation]
  2201 | D:3      | Gained mutation: You heal slowly when monsters are visible. [potion of mutation]
  2611 | D:2      | Killed Sigmund
  2611 | D:2      | Reached skill level 4 in Hexes
  2611 | D:2      | Reached XP level 5. HP: 3/33 MP: 7/9
  3799 | D:4      | Found a snail-covered altar of Cheibriados.
  3810 | D:4      | Reached XP level 6. HP: 23/38 MP: 11/11
  4433 | D:4      | Noticed Grinder
  4446 | D:4      | Killed Grinder
  4446 | D:4      | Reached skill level 5 in Hexes
  4446 | D:4      | Reached XP level 7. HP: 16/43 MP: 11/14
  4451 | D:4      | Learned a level 3 spell: Inner Flame
  4456 | D:4      | Learned a level 4 spell: Enslavement
  4461 | D:4      | Learned a level 4 spell: Leda's Liquefaction
  5102 | D:5      | Entered Level 5 of the Dungeon
  5174 | D:5      | Reached skill level 1 in Earth Magic
  5569 | D:5      | Noticed Duvessa
  5571 | D:5      | Noticed Dowan
  5588 | D:5      | Killed Dowan
  5591 | D:5      | Killed Duvessa
  5591 | D:5      | Reached XP level 8. HP: 30/48 MP: 9/17
  5718 | D:5      | Found Udaleaj's General Store.
  5825 | D:5      | Noticed Crazy Yiuf
  5835 | D:5      | Killed Crazy Yiuf
  5946 | D:5      | Reached skill level 6 in Hexes
  6139 | D:5      | Bought a +1 ring of protection for 45 gold pieces
  6159 | D:6      | Noticed Blork the orc
  6358 | D:6      | Blork the orc (ally) was killed
  6358 | D:6      | Your ally died
  6449 | D:6      | Found a shattered altar of Ashenzari.
  6748 | D:6      | Found a white marble altar of Elyvilon.
  6878 | D:6      | Reached skill level 5 in Dodging
  6886 | D:6      | Reached skill level 5 in Slings
  6886 | D:6      | Reached skill level 7 in Hexes
  6890 | D:6      | Reached XP level 9. HP: 19/53 MP: 15/20
  7269 | D:6      | Found a sand-covered staircase.
  7293 | Ossuary  | Entered an ossuary
  7687 | Ossuary  | Got an ichor-stained trident
  7694 | Ossuary  | Identified the cursed -1,+1 trident of Ash {freeze, Str+1} (You found it in an ossuary)
  7955 | D:6      | Learned a level 2 spell: Corpse Rot
  8577 | D:7      | Reached skill level 5 in Spellcasting
  8792 | D:7      | Reached skill level 8 in Hexes
  8994 | D:7      | Found a staircase to the Ecumenical Temple.
  9000 | Temple   | Entered the Ecumenical Temple
  9114 | Temple   | Became a worshipper of Warmaster Okawaru
  9137 | D:7      | Noticed Joseph
  9152 | D:7      | Killed Joseph
  9168 | D:7      | HP: 2/53 [kobold/uncursed orcish flail (8)]
  9522 | D:7      | Acquired Okawaru's first power
  9725 | D:3      | Reached XP level 10. HP: 53/58 MP: 22/22
 10628 | D:8      | Reached skill level 5 in Earth Magic
 10822 | D:8      | Learned a level 2 spell: Slow
 10827 | D:8      | Learned a level 4 spell: Cause Fear
 11022 | D:8      | Found a snail-covered altar of Cheibriados.
 11132 | D:8      | Reached skill level 9 in Hexes
 12119 | D:8      | Was placed under penance by Okawaru
 12524 | D:8      | HP: 2/58 [poisoned by a kobold]
 12524 | D:8      | Shot with a bolt by a big kobold

Action                   |  1- 3 |  4- 6 |  7- 9 | 10-12 || total
-------------------------+-------+-------+-------+-------++-------
Melee: Mace              |       |   103 |   185 |    57 ||   345
       Sling             |       |     4 |     8 |       ||    12
       Quarterstaff      |       |       |       |    80 ||    80
       Bastard sword     |       |       |       |     1 ||     1
 Fire: Sling             |   118 |    37 |   177 |    98 ||   430
 Cast: Enslavement       |       |       |    19 |    10 ||    29
       Inner Flame       |       |       |    14 |    13 ||    27
       Corona            |       |       |     1 |       ||     1
       Corpse Rot        |       |       |     5 |     2 ||     7
       Slow              |       |       |       |     8 ||     8
Evoke: Wand              |       |     2 |     2 |       ||     4
  Use: Scroll            |    10 |     5 |    17 |     1 ||    33
       Potion            |     2 |     6 |     7 |     4 ||    19
 Stab: Sleeping          |       |     2 |     5 |     2 ||     9
       Distracted        |       |     1 |       |       ||     1
